 Dungeon Crawl Stone Soup version 0.30-a0-42-g806c11bf1d (webtiles) character file.

Game seed: 10923452721696693680

63 IdlyInterested the Trooper (level 3, -1/30 HPs)
             Began as a Demonspawn Fighter on Aug 30, 2022.
             Slain by Terence
             ... wielding a +2 hand axe of venom
              (3 damage)
             ... on level 2 of the Dungeon.
             The game lasted 00:05:07 (2003 turns).

IdlyInterested the Trooper (Demonspawn Fighter)     Turns: 2003, Time: 00:05:08

Health: -1/30      AC:  0    Str: 18    XL:     3   Next: 87%
Magic:  3/3        EV: 13    Int:  9    God:
Gold:   112        SH:  0    Dex: 12    Spells: 2/2 levels left

rFire   . . .      SeeInvis .    (weapon currently unavailable)
rCold   . . .      Faith    .    (shield currently unavailable)
rNeg    . . .      Spirit   .    (body armour currently unavailable)
rPois   .          Reflect  .    (helmet currently unavailable)
rElec   .          Harm     .    (cloak currently unavailable)
rCorr   .          Rampage  .    (gloves currently unavailable)
Will    .....                    (boots currently unavailable)
Stlth   +.........               (no amulet)
HPRegen 0.10/turn                (ring currently unavailable)
MPRegen 0.08/turn                (ring currently unavailable)

@: mighty, lethally poisoned (-1 -> -15), pig-form (expiring), very quick
A: fast, no casting, small, powered by death 1
a: no special abilities


You were on level 2 of the Dungeon.
You were a filthy swine.
You visited 1 branch of the dungeon, and saw 2 of its levels.

You collected 112 gold pieces.

Inventory:

Hand Weapons
 a - a +0 long sword of venom (melded)
 g - a +0 short sword
Missiles
 l - 9 poisoned darts (quivered)
Armour
 b - a +0 scale mail
 c - a +0 buckler (melded)
 j - a +1 chain mail (melded)
Scrolls
 i - a scroll of butterflies


   Skills:
 - Level 4.0 Fighting
 * Level 3.0 Long Blades
 - Level 2.6 Armour
 + Level 0.1 Dodging
 - Level 2.6 Shields


You had 2 spell levels left.
You didn't know any spells.
Your spell library contained the following spells:

 Spells                   Type           Power      Damage    Failure   Level
 Ensorcelled Hibernation  Hex/Ice        0%         N/A       52%         2
 Passwall                 Tmut/Erth      0%         N/A       52%         2
 Swiftness                Air            0%         N/A       77%         3


Dungeon Overview and Level Annotations

Branches:
Dungeon (2/15)

Altars:

Shops:
D:2 (

Annotations:
D:2 Terence


Innate Abilities, Weirdness & Mutations

You are a filthy swine.
You move quickly.
Your equipment is almost entirely melded.
You are incapable of wielding weapons or throwing items.
You cannot cast spells.
You regenerate a little health from kills.


Message History

Your +0 long sword of venom stops dripping with poison.
You hit Terence but do no damage.
Terence hits you with a +2 hand axe of venom!
You are poisoned.
You hit Terence but do no damage.
You feel very sick. Terence closely misses you.
You hit Terence.
Terence is lightly wounded.
You feel sick. Terence closely misses you.
You closely miss Terence.
Terence is lightly wounded.
You feel sick.
Terence hits you with a +2 hand axe of venom!
* * * LOW HITPOINT WARNING * * *
You are lethally poisoned!
* * * LOW HITPOINT WARNING * * *
You feel very sick.
It was a potion of heal wounds.
You feel much better.
You feel very sick.
You feel very sick.
You feel sick.
You feel sick.
You feel very mighty all of a sudden.
You feel sick. Terence barely misses you.
It was a potion of lignification.
You feel woody for a moment.
Your transformation is almost over.
You feel sick. Terence misses you.
You closely miss Terence.
Terence is lightly wounded.
You feel sick.
Terence hits you with a +2 hand axe of venom.
* * * LOW HITPOINT WARNING * * *
You are more poisoned.
You bite Terence!
Terence is heavily wounded.
* * * LOW HITPOINT WARNING * * *
You feel very sick.
Terence hits you with a +2 hand axe of venom.
You die...

,,,,,,,#.......#######'##########
*,,.,,,#.......# #...........#
*,,....#.......######...........#
*,,.........†............[......#
*,,.....###....#####............#
*,,.....###.##.# #...)........#
*,,............# #............#
*,,.....(..#########............#
*,,.....>......@h........)......#
*,,.....############............#
*,,.....****,,...)...............
***####,,,,,,**#####..).........#
******** #.<...########## ###.#.#
#.#.# #.#8# ##.#<####


You could see Terence.

Vanquished Creatures
  2 adders (D:2)
  A worm (D:2)
  A dart slug (D:1)
  An orc (D:2)
  An endoplasm (D:1)
  2 giant cockroaches
  A goblin (D:1)
  5 hobgoblins (D:1)
  8 jackals (D:1)
  3 kobolds
  4 ball pythons
  3 bats
  A frilled lizard (D:1)
  3 rats
36 creatures vanquished.

Notes
Turn   | Place    | Note
-------+----------+-------------------------------------------
     0 | D:1      | IdlyInterested the Demonspawn Fighter began the quest for
                  | the Orb.
     0 | D:1      | Reached XP level 1. HP: 18/18 MP: 1/1
   489 | D:1      | Gained mutation: You regenerate a little health from kills.
                  | [demonic ancestry]
   489 | D:1      | Reached XP level 2. HP: 17/24 MP: 2/2
   947 | D:1      | Reached XP level 3. HP: 29/29 MP: 3/3
  1439 | D:2      | Found Moykyonu's Weapon Boutique.
  1732 | D:2      | Reached skill level 4 in Fighting
  1984 | D:2      | Noticed Terence
  2003 | D:2      | Slain by Terence

Illustrated notes

Levels and vault maps discovered:
D:1:      erik_arrival_cave_to_civilisation [erik_arrival_cave_to_hall],
          layout_loops_ring, grunt_decor_fettered
D:2:      layout_basic, serial_shops, nicolae_shop_statue_plus,
          minmay_door_square, uniq_terence

Skill      XL: |  1  2  3 |
---------------+----------+-----
Long Blades    | 2 3 |  3.0
Fighting       | 4 |  4.0
Armour         | |  2.6
Dodging        | |  0.1
Shields        | |  2.6

Action                   || total
-------------------------++-------
Melee: Long sword        ||   114
       Unarmed           ||     6
  Use: Scroll            ||     5
       Potion            ||     3
Armor: Scale mail        ||    36
       Chain mail        ||    47
Dodge: Dodged            ||    58
Block: Buckler           ||    30

Table legend: (Time is in decaauts)
 A = Elapsed time spent in this place.
 B = Non-inter-level travel time spent in this place.
 C = Inter-level travel time spent in this place.
 D = Time resting spent in this place.
 E = Time spent auto-exploring this place.
 F = Levels seen in this place.
 G = Mean time per level.
                   A        B        C        D        E       F      G
               +--------+--------+--------+--------+--------+-----+--------+
         Total |   2036 |   1727 |    309 |    422 |    815 |   2 | 1018.0 |
       Dungeon |   2036 |   1727 |    309 |    422 |    815 |   2 | 1018.0 |
               +--------+--------+--------+--------+--------+-----+--------+

Top non-repeatable levels by time:
     D:1: 1583 daAuts
     D:2: 453 daAuts
